 Dungeon Crawl Stone Soup version 0.30-a0-169-g06f667207d (webtiles) character file.

Game seed: 10511575514515591069

64 qw the Chopper (level 4, -4/28 HPs)
             Began as a Gargoyle Fighter on Sept 30, 2022.
             Slain by Sigmund
             ... wielding a +0 scythe
              (6 damage)
             ... on level 2 of the Dungeon.
             The game lasted 00:00:33 (1468 turns).

qw the Chopper (Gargoyle Fighter)                   Turns: 1468, Time: 00:00:34

Health: -4/28      AC: 11    Str: 22    XL:     4   Next: 12%
Magic:  4/4        EV:  9    Int:  8    God:
Gold:   113        SH:  4    Dex:  9    Spells: 3/3 levels left

rFire   . . .      SeeInvis .    Y - +0 war axe (freeze)
rCold   . . .      Faith    .    c - +0 buckler
rNeg    + . .      Spirit   .    b - +0 scale mail
rPois   inf        Reflect  .    (no helmet)
rElec   +          Harm     .    h - +0 cloak
rCorr   .          Rampage  .    (no gloves)
Will    .....                    (no boots)
Stlth   ..........               (no amulet)
HPRegen 0.09/turn                (no ring)
MPRegen 0.09/turn                (no ring)

@: no status effects
A: sickness immunity, AC +3, negative energy resistance 1, electricity
resistance, torment resistance 1, petrification resistance
a: no special abilities


You were on level 2 of the Dungeon.
You visited 1 branch of the dungeon, and saw 2 of its levels.

You collected 113 gold pieces.


Innate Abilities, Weirdness & Mutations

You are immune to sickness and miasma.
Your stone body is resilient. (AC +3)
You are immune to poison.
You resist negative energy. (rN+)
You are resistant to electric shocks. (rElec)
You are resistant to unholy torment.
You are immune to petrification.


   Skills:
 - Level 3.2 Fighting
 + Level 3.9 Axes
 - Level 3.2 Armour
 - Level 3.2 Shields


You had 3 spell levels left.
You didn't know any spells.
Your spell library was empty.

Inventory:

Hand Weapons
 e - a +0 whip
 Y - a +0 war axe of freezing (weapon)
Armour
 a - a scarf of repulsion
 b - a +0 scale mail (worn)
 c - a +0 buckler (worn)
 h - a +0 cloak (worn)
Jewellery
 f - a ring of resist corrosion
 i - a +4 ring of protection
 k - a ring of ice
Scrolls
 g - a scroll of identify
 j - 2 scrolls of teleportation
Potions
 d - 3 potions of might
 l - a potion of resistance {unknown}
 m - a potion of experience {unknown}
 n - a potion of mutation {unknown}
 o - 2 potions of attraction {unknown}

Dungeon Overview and Level Annotations

Branches:
Dungeon (2/15)

Altars:

Annotations:
D:2 Sigmund


Message History

Something hits you! The jackal misses you.
The quokka bites you but does no damage.
You barely miss the jackal.
The jackal is severely wounded.
You closely miss the quokka. You miss the jackal.
You feel less confused. The jackal barely misses you.
The jackal bites you but does no damage.
Something hits you but does no damage. The jackal misses you.
The quokka bites you but does no damage.
You barely miss the jackal.
The jackal is severely wounded.
You slash the quokka! You freeze the quokka.
You kill the quokka!
You slash the jackal! You freeze the jackal.
You kill the jackal!
The jackal bites you but does no damage.
You block the jackal's attack. Something hits you but does no damage.
You miss the jackal.
The jackal is severely wounded.
The jackal barely misses you. You block the jackal's attack.
Something hits you but does no damage.
You slash the jackal! You freeze the jackal.
You kill the jackal!
Something hits you.
You see here a quokka corpse.
You hit something. You freeze something.
You hear some strange, mumbled words.
A magic dart appears from out of thin air!
The magic dart hits you. Something hits you.
You miss something. You closely miss something.
You hear some strange, mumbled words.
A magic dart appears from out of thin air!
The magic dart hits you!
You hear some strange, mumbled words.
Something tries to affect you, but you resist.
You miss something. Something hits you.
You die...

................#+##### .... #..
....................#### #..
........>....#.......... #..
....<....#####....[....# +..
.............#.........# ##.
.....###.....#........ #. .....#
#<....#......# #) [....#
#........{.$.# #.
.....####.......@%..# ...#.
.......>#........%..# ...#.
........#...........# 7..#.
........#...........# 7..#.
........#.....%.....# 7..#.
........#.....####### 77..#.
........#.....+...###...7777...##
......##......###...#..........##
......##...+#.......#..........#.


There were no monsters in sight!

Vanquished Creatures
  2 adders (D:2)
  3 dart slugs
  4 ball pythons
  4 bats
  5 endoplasms
  4 hobgoblins
  2 jackals (D:2)
  3 quokkas
  2 frilled lizards
  A goblin (D:2)
  2 kobolds (D:1)
  8 rats
40 creatures vanquished.

Vanquished Creatures (others)
  A demonic plant (D:1)
  A plant (D:1)
2 creatures vanquished.

Grand Total: 42 creatures vanquished

Notes
Turn   | Place    | Note
-------+----------+-------------------------------------------
     0 | D:1      | qw the Gargoyle Fighter began the quest for the Orb.
     0 | D:1      | Reached XP level 1. HP: 14/14 MP: 1/1
     0 | D:1      | 0 ||| qw: Version: 0.2-a-12-gaebbb33
     0 | D:1      | 0 ||| qw: Game counter: 1410
     0 | D:1      | 0 ||| qw: Always use a shield: true
     0 | D:1      | 0 ||| qw: God list: Okawaru
     0 | D:1      | 0 ||| qw: Allow faded altars: false
     0 | D:1      | 0 ||| qw: Do Orc after D:15 true
     0 | D:1      | 0 ||| qw: Do second Lair branch before Depths: true
     0 | D:1      | 0 ||| qw: Lair rune preference: random
     0 | D:1      | 0 ||| qw: Plans: Normal, Zot:1-4, God:TSO, Crypt, Tomb,
                  | Pan, Slime:5, Hells, Abyss, Orb
     0 | D:1      | 0 ||| PLANNING D:1-11
   205 | D:1      | Reached XP level 2. HP: 19/19 MP: 2/2
   572 | D:1      | Found a faded altar of an unknown god.
   621 | D:1      | Reached skill level 3 in Axes
   860 | D:1      | Reached XP level 3. HP: 23/23 MP: 3/3
   888 | D:1      | 888 ||| UPGRADING to +0 cloak.
   893 | D:1      | 893 ||| DROPPING +6 ring of intelligence.
   894 | D:1      | 894 ||| READING scroll labelled SINOEM VIDUIJ.
   895 | D:1      | 895 ||| READING 2 scrolls labelled VUMAENW NOKAPN.
   896 | D:1      | 896 ||| READING scroll labelled XEILEUS CUZER.
   944 | D:1      | 944 ||| READING 2 scrolls labelled HETOHURY VIRPH.
   948 | D:1      | 948 ||| READING scroll labelled LADWIYTOIM.
  1348 | D:2      | Reached XP level 4. HP: 28/28 MP: 4/4
  1452 | D:2      | Noticed Sigmund
  1467 | D:2      | HP: 2/28 [something/magic dart (7)]
  1468 | D:2      | Slain by Sigmund

Levels and vault maps discovered:
D:1:      reono_arrival_forest_river, layout_basic,
          shapermc_ecumenical_altar_gd, minmay_misc_feat_rugged
D:2:      layout_basic, kennysheep_pointless_box, uniq_sigmund

Skill      XL: |  1  2 |
---------------+-------+-----
Axes           | 2 3 |  3.9
Fighting       | |  3.2
Armour         | |  3.2
Shields        | |  3.2

Action                   |  1- 3 |  4- 6 || total
-------------------------+-------+-------++-------
Melee: War axe           |    86 |    17 ||   103
  Use: Scroll            |     5 |       ||     5
Armor: Scale mail        |    36 |    18 ||    54
Dodge: Dodged            |    33 |     8 ||    41
Block: Buckler           |    10 |     4 ||    14

Table legend:
 A = Non-vault XP
 B = Vault XP
 C = Vault XP percentage of total XP
 D = Non-vault monster count
 E = Vault monster count
 F = Vault count percentage of total count
                 A         B        C        D         E       F
            +---------+---------+-------+---------+---------+-------
      Total |      92 |       0 |   0.0 |      40 |       0 |   0.0
            +---------+---------+-------+---------+---------+-------
        D:1 |      35 |       0 |   0.0 |      20 |       0 |   0.0
        D:2 |      57 |       0 |   0.0 |      20 |       0 |   0.0
            +---------+---------+-------+---------+---------+-------
